 Dungeon Crawl Stone Soup version 0.17-a0-1850-g688e747 (webtiles) character file.

134 kae the Poker (level 5, -1/49 HPs)
             Began as a Naga Fighter on Sept 19, 2015.
             Slain by Sigmund
             ... wielding a +0 scythe
              (5 damage)
             ... on level 3 of the Dungeon.
             The game lasted 00:02:21 (2598 turns).

kae the Poker (Naga Fighter)                        Turns: 2598, Time: 00:02:22

Health: -1/49      AC:  8    Str: 23    XL:     5   Next: 17%
Magic:  5/5        EV:  2    Int:  8    God:
Gold:   77         SH:  9    Dex: 12    Spells: 0 memorised, 4 levels left

rFire  . . .     SeeInvis +     a - +0 trident
rCold  . . .     Clarity  .     g - +0 plate armour
rNeg   . . .     SustAt   .     c - +0 shield
rPois  +         Gourm    .     (no helmet)
rElec  .         Spirit   .     n - +0 cloak
rCorr  .         Warding  .     (no gloves)
rMut   .         Stasis   .     (no barding)
MR     .....                    (no amulet)
Stlth  ..........               (no ring)
                                (no ring)

@: mighty, very slow, not resistant to hostile enchantments, extremely
unstealthy
A: see invisible, deformed body, poison resistance, slowness 2, slow metabolism
1, spit poison 2, AC +1
a: Spit Poison


You were on level 3 of the Dungeon.
You were not hungry.

You visited 1 branch of the dungeon, and saw 3 of its levels.

You collected 77 gold pieces.

Inventory:

Hand weapons
 a - a +0 trident (weapon)
Armour
 b - a +0 scale mail
 c - a +0 shield (worn)
 g - a +0 plate armour (worn)
 n - a +0 cloak (worn)
Jewellery
 t - an uncursed amulet of stasis {unknown}
Scrolls
 f - 2 scrolls of teleportation {unknown}
 h - a scroll of fear {unknown}
 i - a scroll of amnesia {unknown}
 j - 2 scrolls of identify {unknown}
 k - 2 scrolls of enchant armour {unknown}
 m - a scroll of fog {unknown}
Potions
 d - a potion of might
 l - a potion of curing {unknown}
 p - a potion of heal wounds {unknown}
 s - a potion of flight {unknown}
Books
 q - a book of Burglary

   Spells                             Type                      Level
   a - Swiftness                      Charms/Air                   2
   b - Passwall                       Transmutation/Earth          3
   c - Passage of Golubria            Translocation                4
   d - Lee's Rapid Deconstruction     Earth                        5
   e - Darkness                       Hexes                        6
   f - Invisibility                   Hexes                        6
Comestibles
 e - 3 bread rations
 o - a beef jerky
 r - a meat ration


   Skills:
 - Level 3.0 Fighting
 + Level 5.2 Polearms
 - Level 2.4 Armour
 - Level 2.4 Shields


You had 4 spell levels left.
You didn't know any spells.

Dungeon Overview and Level Annotations

Branches:
Dungeon (3/15)

Altars:

Annotations:
D:3 Sigmund


Innate Abilities, Weirdness & Mutations

You cannot wear boots.
Your serpentine skin is tough (AC +1).
You have supernaturally acute eyesight.
Armour fits poorly on your strangely shaped body.
Your system is resistant to poisons.
You cover ground very slowly.
You have a slow metabolism.
You can spit poison.


Message History

Sigmund gestures at you while chanting. The magic dart hits you!
Sigmund hits you with a scythe!
* * * LOW HITPOINT WARNING * * *
Things that are here:
an embroidered robe; a fizzy grey potion; the human corpse of Jessica Your plate armour prevents you from hitting Sigmund.
Sigmund giggles. "Time to reap what you sow."
Sigmund hits you with a scythe.
* * * LOW HITPOINT WARNING * * *
You puncture Sigmund!
Sigmund is heavily wounded.
Sigmund casts a spell at you. The magic dart hits you!
* * * LOW HITPOINT WARNING * * *
You closely miss Sigmund.
Sigmund is heavily wounded.
You have got your breath back.
Sigmund hits you with a scythe.
You die...

. #######.###.... ..
#[# #(... ... #.# #....
#... #.# ####.
####..######.######.
...................
#.###.#####.###.#######
#....@#####.# #.#######
#.@.....# #........
######### #########


You could see Sigmund (invisible).

Vanquished Creatures
  Crazy Yiuf (D:3)
  Jessica (D:3)
  2 adders
  An ooze (D:1)
  3 worms
  An orc (D:3)
  6 bats
  2 giant cockroaches
  6 goblins
  5 hobgoblins
  7 jackals
  3 giant newts
  7 kobolds (D:1)
  6 rats
51 creatures vanquished.

Notes
Turn   | Place    | Note
--------------------------------------------------------------
     0 | D:1      | kae the Naga Fighter began the quest for the Orb.
     0 | D:1      | Reached XP level 1. HP: 21/21 MP: 1/1
    87 | D:1      | Reached XP level 2. HP: 22/28 MP: 2/2
   538 | D:1      | Reached XP level 3. HP: 34/34 MP: 3/3
  1673 | D:2      | Reached skill level 4 in Polearms
  1758 | D:2      | Reached XP level 4. HP: 12/42 MP: 4/4
  2348 | D:3      | Noticed Crazy Yiuf
  2355 | D:3      | Killed Crazy Yiuf
  2583 | D:3      | Noticed Jessica
  2585 | D:3      | Noticed Sigmund
  2592 | D:3      | Killed Jessica
  2592 | D:3      | Reached skill level 5 in Polearms
  2592 | D:3      | Reached XP level 5. HP: 30/49 MP: 5/5
  2598 | D:3      | Slain by Sigmund

Vault maps used:
D:1:      dpeg_arrival_pits
D:2:      minivault_27
D:3:      minmay_misc_feat_iff, hangedman_abyss_or_decor_lesser_grid,
          minmay_misc_feat_x, uniq_jessica, uniq_natasha,
          uniq_crazy_yiuf_cottage, uniq_sigmund

Action                   |  1- 3 |  4- 6 || total
-------------------------+-------+-------++-------
Melee: Trident           |   184 |    31 ||   215
 Abil: Spit Poison       |     1 |     3 ||     4
  Use: Potion            |       |     1 ||     1
  Eat: Chunk             |     2 |     3 ||     5
